 Dungeon Crawl Stone Soup version 0.28.0-47-ge53b351184 (webtiles) character file.

Game seed: 17059842475934978086

2926 CryoSword the Fighter (level 9, -8/171 HPs)
             Began as an Ogre Berserker on Apr 27, 2022.
             Was a Believer of Trog.
             Mangled by a hellwing (11 damage)
             ... summoned by an orc sorcerer
             ... on level 8 of the Dungeon.
             The game lasted 00:10:14 (7854 turns).

CryoSword the Fighter (Ogre Berserker)              Turns: 7854, Time: 00:10:14

Health: -8/171     AC:  9    Str: 23    XL:     9   Next: 79%
Magic:  9/9        EV: 10    Int:  8    God:    Trog [**....]
Gold:   264        SH:  0    Dex: 12    Spells: 8/8 levels left

rFire   . . .      SeeInvis .   k - +1 mace (holy)
rCold   . . .      Faith    .   (no shield)
rNeg    . . .      Spirit   .   b - +0 animal skin
rPois   .          Reflect  .   o - +1 hat
rElec   .          Harm     .   s - +0 cloak
rCorr   +          Rampage  .   (gloves unavailable)
Will    .....                   (boots unavailable)
Stlth   ..........              (no amulet)
HPRegen 0.38/turn               m - ring of resist corrosion
MPRegen 0.11/turn               p - +4 ring of protection

@: berserking, spiked, very quick
A: large, unfitting armour, tough skin 1
a: Renounce Religion, Berserk, Trog's Hand


You were on level 8 of the Dungeon.
You worshipped Trog.
Trog was pleased with you.
You visited 1 branch of the dungeon, and saw 9 of its levels.

You collected 390 gold pieces.
You spent 126 gold pieces at shops.

Inventory:

Hand Weapons
 k - a +1 mace of holy wrath (weapon)
   (You found it on level 2 of the Dungeon)
 y - a +0 great mace
   (You found it on level 6 of the Dungeon)
Missiles
 j - 19 poisoned darts (quivered)
 r - 13 boomerangs
Armour
 b - a +0 animal skin (worn)
 o - a +1 hat (worn)
   (You found it on level 3 of the Dungeon)
 s - a +0 cloak (worn)
   (You found it on level 5 of the Dungeon)
Jewellery
 m - a ring of resist corrosion (left hand)
   (You found it on level 3 of the Dungeon)
 p - a +4 ring of protection (right hand)
   (You found it on level 5 of the Dungeon)
Wands
 z - a wand of flame (17)
   (You found it on level 7 of the Dungeon)
Scrolls
 a - a scroll of teleportation {@r4}
 e - 3 scrolls of fog
 f - a scroll of acquirement {unknown}
 u - a scroll of fear {unknown}
 v - 3 scrolls of enchant armour
 w - a scroll of enchant weapon {unknown}
 x - a scroll of noise {unknown}
Potions
 c - 2 potions of attraction {!q}
 d - a potion of resistance
 g - a potion of heal wounds {@q2}
 h - a potion of haste {unknown}
 i - a potion of invisibility {unknown}
 l - a potion of magic {unknown}
 n - 3 potions of might
 q - a potion of flight
 t - a potion of lignification {unknown}


   Skills:
 * Level 14.4 Fighting
 + Level 7.5 Maces & Flails
 - Level 2.6 Dodging


You had 8 spell levels left.
You didn't know any spells.
Your spell library was empty.

Dungeon Overview and Level Annotations

Branches:
Dungeon (9/15)             Temple (0/1) D:4
   Lair: D:8-11         Orc: D:9-12

Altars:
Makhleb

Shops:
D:4 :   D:5 [   D:7 ?


Innate Abilities, Weirdness & Mutations

You are too large for most types of armour.
You have tough skin. (AC +1)


Message History

The yak barely misses you.
You barely miss the yak. The yak gores you!
You sock the yak! The yak gores you.
You completely miss the yak. You barely miss the yak. The yak gores you!
You sock the yak! The yak barely misses you.
You sock the yak!
You feel the power of Trog in you as your rage grows.
You kill the yak!
Trog accepts your kill.
You sock the yak! The yak barely misses you.
You sock the yak! The yak gores you.
You thump the yak! You hit the yak.
You kill the yak!
Trog accepts your kill.
Your Maces & Flails skill increases to level 7!
You sock the yak!
You kill the yak!
Trog accepts your kill.
You see here a yak corpse.
You feel a strong urge to attack something.
You are no longer berserk.
You are exhausted.
You feel yourself slow down.
You see here a yak corpse.
You start resting.
You feel yourself speed up.
You start resting.
You recover from your berserk rage.
Key pressed, stopping explore.
Done exploring.
Done exploring.
Done exploring.
There is a stone staircase leading down here.
You climb downwards.
There is a stone staircase leading up here.
Found a book of Burglary.
Could not explore, unopened door.
You open the door.
There is an open door here.
v - 3 scrolls of enchant armour (gained 1) Could not explore, unopened door.
Could not explore, unopened door.
You open the door.
A shadow imp comes into view.
The shadow imp shouts, "Slither home, thou villainous clapper-clawed bounder!"
There is an open door here.
A shadow imp is nearby!
A shadow imp is nearby!
The shadow imp barely misses you.
You barely miss the shadow imp. The shadow imp hits you.
You hit the shadow imp.
The shadow imp convulses!
You kill the shadow imp!
Trog accepts your kill.
No target in view!
No target in view!
Could not explore, unopened door.
You open the door.
There is an open door here.
An ice beast comes into view.
An ice beast is nearby!
No reachable target in view!
You sock the ice beast!
The ice beast hits you but does no damage.
You thump the ice beast!
The ice beast hits you but does no damage.
You completely miss the ice beast.
The ice beast hits you but does no damage.
You sock the ice beast!
You kill the ice beast!
Trog accepts your kill.
No target in view!
An orc sorcerer comes into view. It is wielding a +0 dagger.
The orc sorcerer shouts!
An orc sorcerer is nearby!
An orc sorcerer is nearby!
The orc sorcerer gestures at you while chanting.
The bolt of fire hits you!!
An orc sorcerer comes into view. It is wielding a +0 dagger.
The orc sorcerer shouts!
There is an open door here.
The orc sorcerer gestures wildly while chanting.
Your skin crawls.
You feel strong-willed.
The orc sorcerer gestures wildly while chanting.
Unknown command.
Something unseen opens the door.
The hellwing gives a chilling moan.
The orc sorcerer's eyes start to glow.
The orc sorcerer gestures at you while chanting.
The bolt of fire hits you!!
You feel the effects of Trog's Hand fading.
A red film seems to cover your vision as you go berserk!
You feel yourself moving faster!
You feel mighty!
You sock the orc sorcerer! The orc sorcerer misses you.
The orc sorcerer gestures wildly while chanting.
You closely miss the orc sorcerer. You closely miss the orc sorcerer.
The orc sorcerer shouts, "You can't withstand my power!"
The red devil hits you from afar with a +0 trident!
Barbed spikes become lodged in your body.
You hit the orc sorcerer but do no damage.
The orc sorcerer hits you but does no damage.
The red devil hits you from afar with a +0 trident!
Barbed spikes become lodged in your body.
The orc sorcerer gestures at you while chanting.
The bolt of fire hits you!!
* * * LOW HITPOINT WARNING * * *
The hellwing swoops through the air toward you!
The hellwing hits you.
* * * LOW HITPOINT WARNING * * *
The hellwing hits you.
* * * LOW HITPOINT WARNING * * *
You thump the orc sorcerer!
The orc sorcerer hits you but does no damage.
You sock the orc sorcerer!
You kill the orc sorcerer!
Trog accepts your kill.
Trog appreciates your killing of a magic user.
The red devil hits you but does no damage.
The orc sorcerer hits you but does no damage.
The hellwing hits you but does no damage.
The hellwing completely misses you.
Your Fighting skill increases to level 14!
You barely miss the orc sorcerer.
Your skin stops crawling.
You feel less strong-willed. The red devil completely misses you.
The orc sorcerer hits you but does no damage.
The hellwing hits you!
* * * LOW HITPOINT WARNING * * *
The hellwing hits you.
* * * LOW HITPOINT WARNING * * *
You closely miss the orc sorcerer. You hit the orc sorcerer.
The red devil hits you from afar with a +0 trident!
* * * LOW HITPOINT WARNING * * *
Barbed spikes become lodged in your body.
The orc sorcerer hits you with a +0 dagger.
* * * LOW HITPOINT WARNING * * *
The hellwing hits you!
* * * LOW HITPOINT WARNING * * *
The hellwing barely misses you.
You sock the orc sorcerer!
The red devil hits you from afar with a +0 trident!
* * * LOW HITPOINT WARNING * * *
Barbed spikes become lodged in your body.
The orc sorcerer gestures wildly while chanting.
The hellwing hits you!
You die...

################
#......'.......#
#......#.......#
#......#.......# ....
#......#..4....# ....
###...##4)@....#
...######...###o######
...#.........#.......#
...#.........'.......#
...#.........#.......#
...#.........#.......#
...'.........#.......#
...#........##.......#
...##................#


You could see a hellwing (summoned), an orc sorcerer and a red devil (summoned).

Vanquished Creatures
  An orc sorcerer (D:8)
  6 yaks
  Duvessa (D:6)
  A black bear (D:7)
  An ice beast (D:8)
  A sky beast (D:6)
  An ogre (D:5)
  A bullfrog (D:6)
  A kobold brigand (D:7)
  A scorpion (D:5)
  A wyvern zombie (D:6)
  2 wyvern skeletons (D:7)
  Dowan (D:6)
  2 bullfrog zombies
  3 centaur zombies
  2 jellies (D:7)
  A bullfrog skeleton (D:5)
  3 orc priests
  3 hounds
  4 iguanas
  3 orc wizards
  A howler monkey zombie (D:7)
  5 gnolls
  6 adders
  2 shadow imps
  3 white imps
  An ufetubus (D:7)
  An adder skeleton (D:5)
  A worm (D:3)
  3 dart slugs
  20 orcs
  A ball python (D:2)
  6 bats
  5 endoplasms
  4 giant cockroaches
  8 goblins
  5 hobgoblins
  8 jackals
  2 quokkas
  5 frilled lizards
  9 kobolds
  5 rats
141 creatures vanquished.

Vanquished Creatures (others)
  3 plants (D:1)
3 creatures vanquished.

Grand Total: 144 creatures vanquished

Notes
Turn   | Place    | Note
-------+----------+-------------------------------------------
     0 | D:1      | CryoSword the Ogre Berserker began the quest for the Orb.
     0 | D:1      | Reached XP level 1. HP: 24/24 MP: 1/1
    91 | D:1      | Reached XP level 2. HP: 28/33 MP: 2/2
   149 | D:1      | Reached skill level 5 in Fighting
   151 | D:1      | Reached XP level 3. HP: 34/42 MP: 3/3
  1275 | D:2      | Reached XP level 4. HP: 52/52 MP: 4/4
  1340 | D:2      | Reached ** piety under Trog
  1655 | D:3      | Found a faded altar of an unknown god.
  1860 | D:3      | Reached skill level 6 in Fighting
  2675 | D:4      | Reached XP level 5. HP: 59/61 MP: 5/5
  2885 | D:4      | Found a staircase to the Ecumenical Temple.
  3110 | D:4      | Reached skill level 7 in Fighting
  3372 | D:4      | Found Vushivos's Book Boutique.
  3400 | D:5      | Entered Level 5 of the Dungeon
  3468 | D:5      | Found Retov's Antique Armour Emporium.
  3496 | D:5      | Reached XP level 6. HP: 62/71 MP: 6/6
  3984 | D:5      | Reached skill level 8 in Fighting
  4496 | D:5      | Reached XP level 7. HP: 80/81 MP: 7/7
  4573 | D:5      | Reached skill level 9 in Fighting
  4825 | D:5      | Reached skill level 5 in Maces & Flails
  5234 | D:6      | Reached skill level 10 in Fighting
  5361 | D:6      | Noticed Duvessa
  5361 | D:6      | Noticed Dowan
  5401 | D:6      | Killed Duvessa
  5402 | D:6      | Reached XP level 8. HP: 94/94 MP: 8/8
  5551 | D:6      | Killed Dowan
  5765 | D:6      | Reached skill level 11 in Fighting
  5781 | D:6      | You fall into a shaft and drop 3 floors!
  5781 | D:9      | Noticed a boulder beetle
  6547 | D:7      | Found a burning altar of Makhleb.
  6552 | D:7      | Noticed a yak
  6553 | D:7      | Noticed a yak
  6554 | D:7      | Noticed a yak
  6554 | D:7      | Noticed a yak
  6554 | D:7      | Noticed a yak
  6615 | D:6      | Killed a yak
  6616 | D:6      | Reached skill level 12 in Fighting
  6622 | D:6      | Killed a yak
  6769 | D:7      | Reached XP level 9. HP: 107/107 MP: 9/9
  6897 | D:7      | Found Joakkum's Magic Scroll Shoppe.
  6903 | D:7      | Bought a scroll of identify for 22 gold pieces
  6903 | D:7      | Bought a scroll of identify for 22 gold pieces
  6903 | D:7      | Bought a scroll of enchant armour for 82 gold pieces
  7552 | D:7      | Reached skill level 13 in Fighting
  7823 | D:8      | Noticed an orc sorcerer
  7827 | D:8      | Noticed an orc sorcerer
  7841 | D:8      | Noticed an ice devil
  7841 | D:8      | Noticed a hellwing
  7846 | D:8      | Noticed a red devil
  7850 | D:8      | Killed an orc sorcerer
  7851 | D:8      | Reached skill level 14 in Fighting
  7854 | D:8      | HP: 3/171 [red devil/+0 trident[an orc sorcerer] (17)]
  7854 | D:8      | Mangled by a hellwing

Illustrated notes

Levels and vault maps discovered:
D:1:      nicolae_arrival_memento_mori, layout_basic, nicolae_grassy_gnolls
D:2:      layout_loops_ring, patterned_corridor
D:3:      layout_basic, basic_ecumenical_altar, kennysheep_decorative_pillar,
          kennysheep_generic_room_6
D:4:      layout_loops_cross, minmay_temple_entry_slanted, serial_shops,
          nicolae_shop_behind_doors
D:5:      layout_loops_ring, serial_shops, nicolae_shop_waterfront,
          minmay_fractal_squares_gapless_5
D:6:      layout_basic, uniq_duvessa
D:7:      layout_basic, kennysheep_little_box, serial_shops, shop
D:8:      cheibrodos_wizards_tower, layout_gridville, lair_entry_dummy,
          serial_shops, nicolae_diamond_shop, hangedman_abyss_or_decor_slice,
          minmay_shop_grid_forest
D:9:      layout_cross, minmay_pinched_square, uniq_psyche

Skill      XL: |  1  2  3  4  5  6  7  8  9 |
---------------+----------------------------+-----
Maces & Flails | 3 4 5 6 7 |  7.5
Fighting       | 5 6 7 8 10 12 14 | 14.4
Dodging        | |  2.6

Action                   |  1- 3 |  4- 6 |  7- 9 || total
-------------------------+-------+-------+-------++-------
Melee: Mace              |    69 |   197 |   221 ||   487
       Punch             |     3 |     5 |     5 ||    13
Invok: Berserk           |     2 |     5 |     7 ||    14
       Trog's Hand       |       |     1 |     2 ||     3
  Use: Scroll            |       |     6 |     4 ||    10
 Stab: Sleeping          |       |     1 |       ||     1
Armor: Animal skin       |    25 |    57 |   103 ||   185
Dodge: Dodged            |    47 |   114 |   111 ||   272
